 Dungeon Crawl Stone Soup version 0.27-a0-67-g4bfc8a49e1 (webtiles) character file.

Game seed: 14753180566523237688

186 Morbidden the Sneak (level 5, -1/27 HPs)
             Began as a Vine Stalker Brigand on Jan 9, 2021.
             Slain by a gnoll
             ... wielding a +0 flail
              (10 damage)
             ... on level 3 of the Dungeon.
             The game lasted 00:04:02 (2340 turns).

Morbidden the Sneak (Vine Stalker Brigand)          Turns: 2340, Time: 00:04:02

Health: -1/27      AC:  3    Str: 19    XL:     5   Next: 66%
Magic:  0/8        EV: 12    Int: 12    God:
Gold:   191        SH:  0    Dex: 16    Spells: 6/6 levels left

rFire    . . .     SeeInvis .   a - +2 dagger
rCold    . . .     Faith    .   (no shield)
rNeg     . . .     Spirit   +   b - +0 robe
rPois    .         Reflect  .   (no helmet)
rElec    .         Harm     .   c - +0 cloak
rCorr    .         Rampage  .   (no gloves)
Will     .....                  (no boots)
Stlth    +++.......             (no amulet)
HPRegen  0.49/turn              j - +6 ring of strength
MPRegen  0.11/turn              (no ring)

@: no status effects
A: fangs 2, regeneration 1, magic shield, antimagic bite, no potion heal 3
a: no special abilities


You were on level 3 of the Dungeon.
You visited 1 branch of the dungeon, and saw 3 of its levels.

You collected 191 gold pieces.

Inventory:

Hand Weapons
 a - a +2 dagger (weapon)
 p - a +2 vorpal hunting sling
Missiles
 d - 20 poisoned darts (quivered)
 e - 2 curare-tipped darts
 f - 51 stones
 h - 22 sling bullets
Armour
 b - a +0 robe (worn)
 c - a +0 cloak (worn)
Jewellery
 j - a +6 ring of strength (left hand)
 r - a cursed ring of flight
 v - an uncursed ring of ice
Scrolls
 i - a scroll of amnesia {unknown}
 l - a scroll of fog {unknown}
 m - a scroll of teleportation
 n - a scroll of noise
 o - a scroll of enchant weapon {unknown}
 q - a scroll of magic mapping {unknown}
 t - a scroll of remove curse {unknown}
Potions
 g - a potion of brilliance {unknown}
 k - a potion of haste {unknown}
 s - a potion of resistance {unknown}
 u - a potion of lignification {unknown}


   Skills:
 * Level 2.4 Fighting
 + Level 2.6 Short Blades
 + Level 1.9 Throwing
 * Level 1.6 Dodging
 + Level 6.5 Stealth
 * Level 1.4 Spellcasting


You had 6 spell levels left.
You didn't know any spells.
Your spell library contained the following spells:

 Spells                   Type           Power        Failure   Level
 Chain Lightning          Conj/Air       0%           100%        8
 Lehudib's Crystal Spear  Conj/Erth      0%           100%        8
 Absolute Zero            Ice            0%           100%        9
 Fire Storm               Conj/Fire      0%           100%        9


Dungeon Overview and Level Annotations

Branches:
Dungeon (3/15)

Altars:
Dithmenos
Trog
Zin


Innate Abilities, Weirdness & Mutations

You have extremely sharp teeth.
Your natural rate of healing is unusually fast.
When hurt, damage is shared between your health and your magic reserves.
Your bite disrupts and absorbs the magic of your enemies.
Potions cannot restore your health.


Message History

You hit the gnoll. You bite the gnoll, but do no damage.
The gnoll is moderately wounded.
The gnoll hits you with a +0 flail!
You are too injured to fight recklessly!
You are too injured to fight recklessly!
You are too injured to fight recklessly!
You hit the gnoll but do no damage. You bite the gnoll, but do no damage.
The gnoll is lightly wounded.
The gnoll hits you with a +0 flail!
* * * LOW HITPOINT WARNING * * *
You hit the gnoll.
The gnoll is moderately wounded.
You hit the gnoll.
The gnoll is heavily wounded.
The gnoll barely misses you.
Unknown command.
Unknown command.
Unknown command.
The gnoll hits you with a +0 flail!
You die...

#........# #.#..#.#.#.#
########........# #.#..#.#.#.#
......#####.##### #.#....#..<#
......# #.# #.##.####.### ......#
#†# #........_..### ......# #.#
#..#....#.#.... ......#
#.#######..######..#.## ......#
#......##..######......
......##########@##..>.......#.##
...........## #g###.#########.#
........†...# #.##............#
.....)####..# #.###############
............# #..))).....
#.#######...# ########### #.#
##...##### #.# #†.......#
######........#


You could see a gnoll.

Vanquished Creatures
  An orc wizard (D:3)
  4 gnolls
  5 adders
  An ooze (D:3)
  A worm (D:3)
  2 dart slugs (D:1)
  4 leopard geckos
  7 orcs (D:3)
  2 ball pythons (D:1)
  3 bats
  4 giant cockroaches
  4 goblins
  2 hobgoblins
  A quokka (D:2)
  5 frilled lizards
  4 kobolds
  15 rats
65 creatures vanquished.

Notes
Turn   | Place    | Note
-------+----------+-------------------------------------------
     0 | D:1      | Morbidden the Vine Stalker Brigand began the quest for the
                  | Orb.
     0 | D:1      | Reached XP level 1. HP: 11/11 MP: 2/2
    30 | D:1      | Reached skill level 5 in Stealth
   130 | D:1      | Reached skill level 1 in Dodging
   130 | D:1      | Reached XP level 2. HP: 15/15 MP: 3/3
   292 | D:1      | Reached XP level 3. HP: 18/18 MP: 4/4
  1313 | D:2      | Reached skill level 6 in Stealth
  1313 | D:2      | Gained mutation: Your natural rate of healing is unusually
                  | fast. [Vine Stalker growth]
  1313 | D:2      | Reached XP level 4. HP: 13/23 MP: 2/5
  1430 | D:2      | Found a bloodstained altar of Trog.
  1648 | D:2      | Found a glowing silver altar of Zin.
  1861 | D:3      | Reached skill level 1 in Spellcasting
  1882 | D:3      | Reached XP level 5. HP: 22/27 MP: 5/7
  2132 | D:3      | Found a shadowy altar of Dithmenos.
  2340 | D:3      | Slain by a gnoll

Illustrated notes

Levels and vault maps discovered:
D:1:      dpeg_arrival_pond, layout_basic, st_stairs_13, minmay_rat_gold_closets
D:2:      layout_loops_cross, zin_statuary, bloody_trog
D:3:      layout_basic, lemuel_doored_altar, lemuel_crystal_altar,
          kennysheep_generic_room_3

Skill      XL: |  1  2  3  4 |
---------------+-------------+-----
Stealth        | 5 6 |  6.5
Short Blades   | 2 |  2.6
Dodging        | 1 |  1.6
Fighting       | 2 |  2.4
Spellcasting   | 1 |  1.4
Throwing       | |  1.9

Action                   |  1- 3 |  4- 6 || total
-------------------------+-------+-------++-------
Melee: Dagger            |    61 |    87 ||   148
       Bite              |    11 |    20 ||    31
Throw: Dart              |     1 |       ||     1
  Use: Scroll            |     3 |     1 ||     4
 Stab: Sleeping          |    20 |    12 ||    32
Armor: Robe              |     7 |    13 ||    20
Dodge: Dodged            |    21 |    28 ||    49

Table legend: (Time is in decaauts)
 A = Elapsed time spent in this place.
 B = Non-inter-level travel time spent in this place.
 C = Inter-level travel time spent in this place.
 D = Time resting spent in this place.
 E = Time spent auto-exploring this place.
 F = Levels seen in this place.
 G = Mean time per level.
                   A        B        C        D        E       F      G
               +--------+--------+--------+--------+--------+-----+--------+
         Total |   2321 |   2287 |     34 |      2 |   1845 |   3 |  773.7 |
       Dungeon |   2321 |   2287 |     34 |      2 |   1845 |   3 |  773.7 |
               +--------+--------+--------+--------+--------+-----+--------+

Top non-repeatable levels by time:
     D:1: 1079 daAuts
     D:2: 738 daAuts
     D:3: 503 daAuts
